[Event "Romanian Superleague 2022"]
[Site "Oradea"]
[Date "2022.09.23"]
[Round "3.16"]
[White "Nastore, Pavel-Alexandru"]
[Black "Vajda, Albert"]
[Result "1/2-1/2"]
[ECO "B19"]
[WhiteElo "2279"]
[BlackElo "2305"]
[Annotator "TA"]
[PlyCount "80"]
[EventDate "2022.09.21"]
[EventType "team-tourn"]
[EventCountry "ROU"]
[SourceTitle "playchess.com"]
[Source "ChessBase"]
[SourceQuality "1"]
[TimeControl "40/5400+30:1800+30"]

1. e4 c6 2. d4 d5 3. Nc3 dxe4 4. Nxe4 Bf5 5. Ng3 Bg6 6. h4 h6 7. Nf3 Nf6 8. Ne5 Bh7 9. Bd3 Bxd3 10. Qxd3 e6 11. Bd2 Nbd7 12. f4 Be7 13. O-O-O {[%emt 0:02:47] B19: Classical Caro-Kann: 4...Bf5 main line.} Qc7 14. Rhe1 Rd8 15. Qf3 {[%emt 0:14:35] Threatens to win with f5. White has more active pieces. The black rooks are badly placed. White is better.} O-O $1 16. f5 {[%emt 0:35:23] [#] And now fxe6 would win.} Bd6 $1 {[%emt 0:03:11] [#]} 17. Nh5 $146 ({Predecessor:} 17. fxe6 fxe6 18. Qb3 Nd5 19. Ne4 Bxe5 20. dxe5 b5 21. Qh3 Rde8 22. Nd6 Re7 23. Qg3 {1-0 (35) Al Sayed,M (2469)-Russell,M (2220) Cebu 2007}) 17... Nxh5 (17... Bxe5 {is more complex.} 18. fxe6 Nxh5 19. dxe5 Nxe5 20. Qxh5 Rd5) 18. Nxd7 Rxd7 19. fxe6 fxe6 20. Qxh5 Bf4 21. c3 Rd5 22. Qg4 e5 23. Bxf4 exf4 24. Re4 Rdf5 ({Better is} 24... Qf7 $11) 25. Rf1 (25. Rde1 $14 R5f7 26. Re5) 25... Qf7 $11 26. b3 Rf6 27. Qf3 Re8 28. Rfe1 ({Don't go for} 28. Rxf4 $2 Rxf4 29. Qxf4 {[#]} Re1+ $3 30. Rxe1 Qxf4+ $19) 28... Rxe4 29. Rxe4 {[%emt 0:00:11][%mdl 4096] Endgame KQR-KQR} a5 30. Kb2 Rg6 31. Re5 Rg3 32. Qe2 Qg6 33. h5 Qd3 34. Re8+ Kh7 35. Qxd3+ Rxd3 {[%emt 0:00:07] KR-KR} 36. Rf8 (36. Re2 $11) 36... Rd2+ $15 37. Ka3 Rxg2 (37... Rf2 $1 $15) 38. Rxf4 $11 {[%emt 0:00:08] The position is equal.} Rg5 39. Rh4 g6 40. hxg6+ Kxg6 {[%emt 0:00:00] Weighted Error Value: White=0.08 (flawless) /Black=0.08 (flawless)} 1/2-1/2

[Event "Romanian Superleague 2022"]
[Site "Oradea"]
[Date "2022.09.23"]
[Round "3.17"]
[White "Balla, Tamas-Kristof"]
[Black "Ciorgovean, Iustin"]
[Result "0-1"]
[ECO "B30"]
[WhiteElo "2325"]
[BlackElo "2314"]
[Annotator "TA"]
[PlyCount "76"]
[EventDate "2022.09.21"]
[EventType "team-tourn"]
[EventCountry "ROU"]
[SourceTitle "playchess.com"]
[Source "ChessBase"]
[SourceQuality "1"]
[TimeControl "40/5400+30:1800+30"]

1. e4 c5 2. Nf3 Nc6 3. c4 e5 4. Nc3 d6 5. d3 f5 6. Nd5 {[%emt 0:02:13] B30: Sicilian: 2...Nc6 3 Bb5, lines without ...g6.} Be7 7. Nxe7 Qxe7 8. Bg5 {[%emt 0:01:03] Black is slightly better.} Nf6 {[%emt 0:02:33] [#]} 9. Nh4 $146 ({Predecessor:} 9. a3 O-O 10. h3 fxe4 11. dxe4 Nd4 12. Nxd4 cxd4 13. Bd3 Qf7 14. g4 Nxe4 15. Bxe4 Qxf2# {0-1 (15) Martindale,R (965)-Kelemen,G (2113) LSS email 2017}) 9... Nd4 10. exf5 O-O 11. Be2 Bxf5 12. Nxf5 Nxf5 {[%emt 0:00:13] Pair of Knights!} 13. O-O h6 14. Be3 Kh8 15. Bg4 Nxg4 16. Qxg4 a6 17. Rae1 b5 18. Bd2 bxc4 19. Qxc4 Nd4 20. f4 Qh4 21. Be3 Qh5 {[%emt 0:04:32] White must now prevent ...Ne2+.} 22. Bxd4 exd4 23. Re6 (23. h3 {feels hotter.} Kh7 24. Re6 Rae8 25. Rxd6 Re2 26. Qd5) 23... Rae8 24. Rxe8 Qxe8 $11 {[%emt 0:00:24][%mdl 4096] Endgame KQR-KQR} 25. g3 Qb5 26. Qxb5 axb5 {[%emt 0:00:01] KR-KR} 27. Re1 Ra8 28. a3 Ra4 29. Re8+ Kh7 30. Rb8 c4 {[%emt 0:00:19] Strongly threatening ...c3.} 31. dxc4 bxc4 32. Rd8 (32. Rb6 $11 {remains equal.}) 32... Ra6 $1 $17 ({But not} 32... c3 $6 33. bxc3 dxc3 34. Rxd6 $11) 33. Kf2 {[%emt 0:00:31] [#]} (33. Rb8 $17) 33... Rb6 $1 $19 34. Kf3 $2 (34. Ke1) 34... Rxb2 35. Rxd6 d3 (35... Rd2 {aiming for ...c3.} 36. Rc6 c3) 36. Rc6 $2 {[%emt 0:00:21] [#]} (36. Ke3) 36... Rc2 $1 {[%emt 0:00:21] ( -> ...d2)} 37. a4 d2 38. Ke2 c3 {[%emt 0:00:09] Weighted Error Value: White=0.76/Black=0.26 (precise)} 0-1

[Event "Romanian Superleague 2022"]
[Site "Oradea"]
[Date "2022.09.23"]
[Round "3.18"]
[White "Carmaciu, Lucian-Catalin"]
[Black "Doncea, Vladimir"]
[Result "1-0"]
[ECO "D00"]
[WhiteElo "2376"]
[BlackElo "2342"]
[Annotator "TA"]
[PlyCount "69"]
[EventDate "2022.09.21"]
[EventType "team-tourn"]
[EventCountry "ROU"]
[SourceTitle "playchess.com"]
[Source "ChessBase"]
[SourceQuality "1"]
[TimeControl "40/5400+30:1800+30"]

1. d4 d5 2. Bf4 c5 3. e3 Nf6 4. c3 Nc6 5. Nd2 g6 6. Ngf3 {[%emt 0:01:39] D00: 1 d4 d5: Unusual lines.} Bg7 (6... Qb6 $11) 7. Be2 (7. dxc5 $14 O-O 8. h3) 7... Nh5 $11 {[%emt 0:03:21] [#]} 8. Be5 $146 {[%emt 0:13:12] The position is equal.} (8. dxc5 $5 Nxf4 9. exf4 $11) ({Predecessor:} 8. Bg5 h6 9. Bh4 g5 10. Bg3 Nxg3 11. hxg3 Qd6 12. Qc2 Bd7 13. Nb3 b6 14. dxc5 bxc5 {1-0 (49) Burmakin,V (2594)-Antoli Royo,J (2435) La Roda 2011}) 8... f6 9. Bg3 Nxg3 10. hxg3 cxd4 11. cxd4 Qb6 12. Qb3 Be6 13. a3 Rc8 14. O-O Kf7 15. Rfc1 g5 16. Ne1 h5 17. Nd3 Qxb3 18. Nxb3 b6 {[%emt 0:00:06] Prevents Ndc5.} (18... Bg4 $11 19. Bxg4 hxg4) 19. Nb4 $14 Na5 {[%emt 0:06:58] White leaves nothing to chance now.} ({Black should try} 19... Nxb4 $14 20. axb4 Rxc1+ 21. Nxc1 g4) 20. Nxa5 $16 (20. Rxc8 Rxc8 21. Nxa5 (21. Bxh5+ Kg8 $16) 21... bxa5) 20... bxa5 21. Nc6 h4 22. Nxa5 {[%emt 0:04:36] White is more active.} hxg3 23. fxg3 Rxc1+ 24. Rxc1 Rd8 (24... Rc8 $16 25. Rxc8 Bxc8) 25. b4 f5 26. Nc6 Rd7 {[%emt 0:00:21] [#]} (26... Ra8 {was called for.} 27. Ba6 Bd7) 27. Rc5 Kg6 28. Ra5 f4 29. Kf2 (29. exf4 gxf4 30. gxf4 Kf5 $16) (29. Nxa7 Rc7 $16) (29. gxf4 $6 gxf4 30. Kf2 (30. exf4 Kf5 $16) (30. Nxa7 fxe3 31. Nc6 Kg5 $16) 30... fxe3+ 31. Kxe3 Bh6+ 32. Kf2 Bg7 $18) 29... fxe3+ (29... Kf5 $142 30. Bd3+ (30. Rxa7 Ke4 $11) 30... Kg4 31. gxf4 (31. Rxa7 Rxa7 32. Nxa7 fxe3+ 33. Kxe3 Kxg3 $18) (31. Nxa7 fxe3+ 32. Kxe3 Kxg3 $14) 31... gxf4 32. Rxa7 (32. Nxa7 Rc7 $16) 32... fxe3+ 33. Kxe3 Bh6+ 34. Kf2 Rxa7 35. Nxa7 Bd7) 30. Kxe3 $18 Rd6 31. Ra6 ({Not} 31. Nxe7+ Kf6 $14) 31... Kf7 32. Nxa7 Rd7 $2 {[%emt 0:00:03] [#]} (32... Rxa6 33. Bxa6 Bd7) 33. Nc6 {[%emt 0:02:22] White is clearly winning.} Bf5 34. b5 Rd6 35. Bh5+ {[%emt 0:02:54] Weighted Error Value: White=0.16 (very precise) /Black=0.32} 1-0

[Event "Romanian Superleague 2022"]
[Site "Oradea"]
[Date "2022.09.23"]
[Round "3.19"]
[White "Kozak, Adam"]
[Black "Nguyen, Thai Dai Van"]
[Result "1/2-1/2"]
[ECO "D41"]
[WhiteElo "2516"]
[BlackElo "2627"]
[Annotator "TA"]
[PlyCount "38"]
[EventDate "2022.09.21"]
[EventType "team-tourn"]
[EventCountry "ROU"]
[SourceTitle "playchess.com"]
[Source "ChessBase"]
[SourceQuality "1"]
[TimeControl "40/5400+30:1800+30"]

1. d4 Nf6 2. c4 e6 3. Nc3 d5 4. cxd5 Nxd5 5. Nf3 c5 6. g3 Nxc3 7. bxc3 cxd4 8. cxd4 Bb4+ {[%emt 0:00:16] D41: Queen's Gambit Declined: Semi-Tarrasch with 5 cxd5.} 9. Bd2 Bxd2+ 10. Qxd2 b6 11. Bg2 Bb7 12. Qc2 {[%emt 0:04:06] [#]} Nc6 $146 {[%emt 0:11:01] The position is equal.} ({Predecessor:} 12... Nd7 13. O-O Rc8 14. Qa4 a6 15. Ne5 b5 16. Qa3 Bxg2 17. Kxg2 Nxe5 18. dxe5 Qd5+ {½-½ (54) Kozak,A (2535)-Druska,J (2506) Corte 2022}) 13. Qa4 O-O 14. O-O Na5 15. Rfc1 Rc8 16. Ne5 {[%emt 0:09:18] [#] And now Bxb7 would win.} Bxg2 17. Kxg2 Qd5+ 18. Kg1 Rfd8 19. e3 Qd6 {[%emt 0:00:27] An interesting draw.  Weighted Error Value: White=0.04 (flawless) /Black=0.01 (flawless)} 1/2-1/2

[Event "Romanian Superleague 2022"]
[Site "Oradea"]
[Date "2022.09.23"]
[Round "3.20"]
[White "Nisipeanu, Liviu-Dieter"]
[Black "Petkov, Momchil"]
[Result "1/2-1/2"]
[ECO "B90"]
[WhiteElo "2633"]
[BlackElo "2511"]
[Annotator "TA"]
[PlyCount "119"]
[EventDate "2022.09.21"]
[EventType "team-tourn"]
[EventCountry "ROU"]
[SourceTitle "playchess.com"]
[Source "ChessBase"]
[SourceQuality "1"]
[TimeControl "40/5400+30:1800+30"]

1. e4 c5 2. Nf3 d6 3. d4 cxd4 4. Nxd4 Nf6 5. Nc3 a6 6. Be3 e5 7. Nf3 Be7 8. Bc4 Be6 9. Bxe6 {[%emt 0:01:08] B90: Sicilian Najdorf: Unusual White 6th moves, 6 Be3 Ng4 and 6 Be3 e5.} fxe6 10. Ng5 Qd7 11. Qf3 {[%emt 0:00:08] White has an edge.} Nc6 12. Qh3 Nd8 $1 13. Bb6 h6 $1 14. O-O-O O-O 15. Bxd8 hxg5 16. Bxe7 Qxe7 {[%emt 0:00:05] [#]} 17. Rd2 $146 ({Predecessor:} 17. Qg3 b5 18. f3 g4 19. Rhe1 gxf3 20. Qxf3 Rac8 21. Qd3 Rfd8 22. Kb1 Rc4 23. a4 {0-1 (48) Studer,N (2573)-Keymer,V (2568) Karlsruhe 2020}) 17... b5 18. Qe3 b4 19. Na4 Rac8 20. h3 Qe8 21. b3 (21. Nb6 Rd8 22. f3 Qc6 $11) 21... Qg6 22. f3 Rc6 {[%emt 0:03:37] Prevents Qb6.} (22... d5 $1 $14) 23. Nb2 $1 $16 {[%emt 0:07:54] aiming for Nc4.} Rfc8 (23... d5 $16 {might work better.}) 24. Nc4 $18 Ne8 25. Rhd1 ({Better is} 25. h4 $1 $18 ) 25... Qf6 26. Qa7 Qd8 27. Qb7 {[%emt 0:04:40] White is much more active. The black rooks are badly placed.} (27. Nxe5 $2 Qf6 28. Qd4 Qxe5 $19) (27. Kb1 $16) 27... a5 $1 $14 28. Kb1 (28. Nxe5 $2 Qf6 $1 29. c4 Qxe5 $19) 28... R8c7 29. Qb5 Qc8 $1 30. Qxa5 Kh7 $1 31. Rd3 (31. Qxb4 Rxc4 32. bxc4 Rb7 $11) (31. Nxd6 Nxd6 32. Rxd6 Rxd6 33. Rxd6 Rxc2 34. Qxb4 Rc1+ 35. Kb2 Qc2+ 36. Ka3 Ra1 $15) 31... Qb8 {[%emt 0:01:55] ...Ra7 is the strong threat.} 32. Nxd6 (32. a3 $1 $14 bxa3 33. Ne3) 32... Rc5 (32... Nxd6 $11 {keeps the balance.} 33. Rxd6 Rxc2) 33. Qa4 $2 (33. Qa6 $16) 33... Nxd6 $15 34. Rxd6 {[%emt 0:00:04] Hoping for Rd8.} Rxc2 35. Qa6 {[%emt 0:00:50] [#]} ({Don't go for} 35. Rxe6 $2 Qd8 $19) 35... Ra7 $1 36. Rd8 $2 (36. Kxc2 $2 {loses.} Rxa6 37. Rxa6 Qc8+ 38. Kb1 Qxa6 $19) (36. Qxa7 $17 Qxa7 37. Kxc2 Qxa2+ 38. Kd3) 36... Rxa6 $19 37. Rxb8 Raxa2 {[%emt 0:01:11] White must now prevent ...Rcb2+.} 38. Rxb4 {[%emt 0:00:28][%mdl 4096] Endgame KRR-KRR} Rab2+ $2 (38... Rcb2+ $19 {has better winning chances.} 39. Kc1 Rxg2) 39. Ka1 $17 Ra2+ $2 (39... Rxg2 $17 40. Rb6 Ra2+ 41. Kb1 Raf2) 40. Kb1 $19 Rcb2+ 41. Kc1 Rxg2 42. Kb1 {[%emt 0:00:19] Inhibits Ra1+.} Rgb2+ 43. Kc1 Rh2 44. Kb1 {[%emt 0:00:15] Against Ra1+} Raf2 45. Rb6 (45. Rb5 $142) 45... Rxf3 ({And not} 45... Rxh3 46. Rg1 $17) 46. Rxe6 $2 (46. Rg1 Rhxh3 47. Kb2) 46... Rxb3+ 47. Kc1 Rc3+ 48. Kb1 Rcxh3 49. Rxe5 Rh1 $2 ({Black should try} 49... Rb3+ $19 50. Kc1 Rc3+ 51. Kb1 Rg3) 50. Rxh1 $11 {[%emt 0:03:09] The position is equal.} Rxh1+ {[%emt 0:00:04] KR-KR} 51. Kc2 Kg6 52. Kd2 Rf1 53. Ke2 Rf7 54. Ra5 g4 55. e5 Rf5 56. Ra3 Rxe5+ 57. Kf2 Kg5 58. Kg3 Rf5 {[%emt 0:00:07][%cal Of5f3] Strongly threatening ...Rf3+!} 59. Ra8 Rf3+ 60. Kg2 {[%emt 0:00:04] What a bad dream for Black.  Weighted Error Value: White=0.36/Black=0.21 (precise)} 1/2-1/2

[Event "Romanian Superleague 2022"]
[Site "Oradea"]
[Date "2022.09.23"]
[Round "3.21"]
[White "Bonte, Andrei-Mihai"]
[Black "Mendonca, Leon Luke"]
[Result "0-1"]
[ECO "D55"]
[WhiteElo "2339"]
[BlackElo "2558"]
[Annotator "TA"]
[PlyCount "102"]
[EventDate "2022.09.21"]
[EventType "team-tourn"]
[EventCountry "ROU"]
[SourceTitle "playchess.com"]
[Source "ChessBase"]
[SourceQuality "1"]
[TimeControl "40/5400+30:1800+30"]

1. d4 Nf6 2. c4 e6 3. Nc3 d5 4. Bg5 Be7 5. e3 O-O 6. Nf3 h6 7. Bxf6 Bxf6 8. cxd5 exd5 9. Be2 c6 10. Qc2 {[%emt 0:01:11] D55: Queen's Gambit Declined: 4 Bg5 Be7: Lines without ...h6 and 6...h6 7 Bxf6.} g6 $5 {[%emt 0:09:01][%mdl 4] Leaves trodden paths.} 11. Bd3 Bg7 12. O-O {[%emt 0:00:42] [#] The position is equal.} Be6 $146 ({Predecessor:} 12... Qd6 13. Rab1 a5 14. a3 Bg4 15. Nd2 Nd7 16. b4 axb4 17. axb4 b5 18. h3 Be6 {1-0 (50) Hammes,M (2377)-Kargoll,P (2260) Germany 2003}) 13. Ne2 Qd6 14. Rab1 a5 15. a3 Na6 16. Rfc1 Rfe8 17. Qa4 Nc7 18. Qc2 Bd7 19. Nf4 a4 20. Ra1 Ra7 21. h3 b5 22. Be2 Na8 23. Nd3 Nb6 24. b4 Nc4 (24... axb3 $5 25. Qxb3 Rea8 $17) 25. Nc5 Bf5 26. Bd3 Bxd3 27. Qxd3 Rae7 28. Re1 f5 29. Re2 Rf7 30. Rae1 g5 31. Nd2 Qf6 {[%emt 0:01:00] Black is more active.} 32. Nxc4 dxc4 33. Qd1 Rfe7 34. Rd2 Qd6 35. Qc2 Qd5 36. Rde2 {[%emt 0:00:32] [#]} (36. Qd1 $142) 36... Qf7 (36... h5 $1 $17 {Threatens to win with ...g4.} 37. Kh2 Bf6) 37. Kh1 (37. e4 $1 $15) 37... Bh8 38. Kg1 Bg7 39. Kh1 $1 Qd5 40. Kg1 Kh8 41. Kh1 Qf7 42. Kg1 Rf8 43. Kh1 g4 {[%emt 0:06:51] aiming for ...gxh3.} 44. h4 Rfe8 45. Rd2 $2 {[%emt 0:14:03][%mdl 8192] Loses the game.} (45. Kh2 $17) 45... g3 $19 {[%emt 0:01:05] Strongly threatening ...f4.} 46. fxg3 Rxe3 (46... Qg6 47. Rde2 Qxg3 48. Qxf5 {[#]} Bxd4 $1 ) 47. Rxe3 (47. Rde2 Rxe2 48. Rxe2) 47... Rxe3 48. Rf2 Rxg3 49. Rxf5 Qe7 50. Rf4 Rxa3 {[%emt 0:01:32] ( -> ...Qe1+)} ({Stronger than} 50... Qe1+ 51. Kh2 $17) 51. Qf5 $2 (51. Re4 $19 Ra1+ 52. Kh2 Qd6+ 53. g3) 51... Qe1+ {[%emt 0:03:52] Weighted Error Value: White=0.43/Black=0.32} 0-1

[Event "Romanian Superleague 2022"]
[Site "Oradea"]
[Date "2022.09.23"]
[Round "3.22"]
[White "Ghimpu, Samuel-Timotei"]
[Black "Ognean, Mihnea-Ionut"]
[Result "1/2-1/2"]
[ECO "B12"]
[WhiteElo "2434"]
[BlackElo "2303"]
[Annotator "TA"]
[PlyCount "83"]
[EventDate "2022.09.21"]
[EventType "team-tourn"]
[EventCountry "ROU"]
[SourceTitle "playchess.com"]
[Source "ChessBase"]
[SourceQuality "1"]
[TimeControl "40/5400+30:1800+30"]

1. e4 c6 2. d4 d5 3. e5 Bf5 4. h4 Qb6 5. a4 h5 6. a5 {[%emt 0:01:42] B12: Caro-Kann: Advance Variation.} Qc7 7. Nc3 e6 {[%emt 0:02:40] [#]} 8. Bd3 $146 ({Predecessor:} 8. Nf3 Nd7 9. Be2 a6 10. O-O c5 11. Bf4 Ne7 12. Qd2 Bg4 13. dxc5 Qxc5 {½-½ (13) Acs,P (2594)-Nagy,D (2353) Hungary 2019}) 8... Bxd3 9. cxd3 Ne7 10. Nf3 Nf5 11. O-O Be7 12. g3 a6 13. Kg2 Nd7 14. Re1 (14. Bd2 $142) 14... O-O-O 15. Bd2 Kb8 16. Ne2 Ka8 17. Qa4 Rdg8 18. Neg1 (18. Rac1 $11) 18... f6 19. Nh3 (19. Kf1 $15) 19... Nf8 (19... g5 {looks sharper.} 20. hxg5 fxg5 21. Nfxg5 Nf8) 20. Kh2 Bd8 21. Re2 $2 {[%emt 0:03:34] [#]} (21. Qb4 $17) 21... Qf7 $2 (21... g5 $1 $19 22. hxg5 fxg5 23. Nhxg5 (23. Bxg5 $2 Nh7 $19) 23... Bxg5 24. Nxg5 (24. Bxg5 $2 h4 $19) 24... Nh7) 22. Rae1 (22. Rc1 $1 $15) 22... g5 23. hxg5 fxg5 24. Nfxg5 Qg6 25. f4 Nh6 26. Qa3 $2 (26. Rg2 $17) 26... Nh7 $19 (26... h4 $2 27. g4 Nxg4+ 28. Kg1 $19) 27. Qd6 $2 (27. Rf1 h4 28. g4 (28. gxh4 $2 Nf5 $19) 28... Nxg4+ 29. Kg1) 27... Nxg5 28. fxg5 Nf7 29. Qb4 Bxg5 ({Avoid the trap} 29... Nxg5 $2 30. Bxg5 Bxg5 31. Rg2 $19) 30. Rg2 Qxd3 31. Qc3 Qh7 (31... Qf5 $19 {and Black stays clearly on top. aiming for ...Bxd2.} 32. Nxg5 Nxg5 33. Bxg5 Rxg5) 32. Bxg5 Nxg5 33. Nxg5 Rxg5 34. Rf1 Rgg8 (34... Qe7 $142 {Hoping for ...Rg4.} 35. Rgf2 Rg7) 35. Rf6 Qe4 {[%emt 0:00:34] [#] ...h4 is the strong threat.} 36. Rf4 Qg6 37. Rgf2 h4 (37... Qg5 $15) 38. g4 $11 {[%emt 0:00:10] The position is equal.} Rc8 39. Kh3 Rhg8 40. b4 Qb1 41. Rf1 Qg6 42. R1f2 {[%emt 0:10:53] Black had all chances to win.  Weighted Error Value: White=0.34/Black=0.29 (precise)} 1/2-1/2

[Event "Romanian Superleague 2022"]
[Site "Oradea"]
[Date "2022.09.23"]
[Round "3.23"]
[White "Ileana, George"]
[Black "David, Alexandru-Vasile"]
[Result "1-0"]
[ECO "C55"]
[WhiteElo "2301"]
[BlackElo "2417"]
[Annotator "TA"]
[PlyCount "93"]
[EventDate "2022.09.21"]
[EventType "team-tourn"]
[EventCountry "ROU"]
[SourceTitle "playchess.com"]
[Source "ChessBase"]
[SourceQuality "1"]
[TimeControl "40/5400+30:1800+30"]

1. e4 e5 2. Nf3 Nc6 3. Bc4 Nf6 4. d3 Bc5 5. c3 O-O 6. O-O d5 7. exd5 Nxd5 8. Nbd2 Nb6 9. Bb5 Bd6 10. Re1 Bg4 11. h3 Bh5 12. Ne4 {[%emt 0:00:27] C55: Two Knights: 4 d3, 4 d4 exd4 5 e5 and Max Lange Attack.} f5 13. Ng3 Bxf3 14. Qxf3 {[%emt 0:00:05] The position is equal.} Qd7 $1 15. a4 {[%emt 0:04:48] [#] And now a5 would win.} a6 16. Bxc6 bxc6 17. a5 Nd5 18. Ra4 Rae8 19. Nf1 {[%emt 0:00:50] [#]} Bc5 $146 ({Predecessor:} 19... e4 20. dxe4 fxe4 21. Qe2 Qf7 22. Be3 Re6 23. Rd4 Qf5 24. Rd2 Nxe3 25. Nxe3 Qxa5 {1-0 (42) Kuczynski,R (2490)-Arnaudov,P (2474) Germany 2016}) 20. Rc4 e4 21. Qd1 Ba7 22. dxe4 fxe4 23. Be3 Bxe3 24. fxe3 Qd6 ({Better is} 24... Re5 $11) 25. Qe2 (25. Nd2 $14) 25... Re5 26. Nd2 Qg6 27. Rf1 Rxf1+ 28. Nxf1 h5 29. Rd4 (29. b4 $16) 29... c5 $11 30. Rd2 Kh7 31. Qc4 Ne7 32. b4 Rg5 33. Rf2 cxb4 34. cxb4 Qc6 {[%emt 0:01:37] [#]} (34... Nc6 $11) 35. Rc2 $1 $16 Qg6 36. Qxc7 Nd5 37. Qb7 (37. Qc4 $16) 37... Rf5 $132 {[%emt 0:03:06][%cal Of5f1][%mdl 2048] Strongly threatening ...Rxf1+! Black is not holding back} 38. Rc5 Rg5 39. g4 (39. Rxd5 $2 {is a self mate.} Rxg2+ 40. Kh1 Rg1+ 41. Kh2 Qg2#) 39... Qd6 40. Qf7 {[%emt 0:00:00] Black must now prevent h4.} hxg4 41. h4 Re5 42. h5 $1 {[%emt 0:10:03][%cal Of7g6] Hoping for Qg6+!} ({Much weaker is} 42. Rc8 Ne7 43. Rc5 Rxc5 44. bxc5 Qxc5 $11) 42... Kh6 {[%emt 0:11:25][%mdl 8192] Prevents Qg6+. This move loses the game for Black.} (42... Rg5 $1 $11 {and Black has nothing to worry.}) 43. Ng3 $18 Rg5 (43... Qf6 $2 44. Qg6+ Qxg6 45. hxg6 $18) (43... g6 $18 44. Qxg6+ Qxg6 45. hxg6 Kxg6) 44. Nxe4 Qe5 45. Nxg5 Qxe3+ 46. Qf2 Qxg5 47. Qd4 {[%emt 0:00:50] Weighted Error Value: White=0.12 (very precise) /Black=0.37} 1-0

[Event "Romanian Superleague 2022"]
[Site "Oradea"]
[Date "2022.09.23"]
[Round "3.24"]
[White "Talu, Mircea"]
[Black "Pisu, Robert-Daniel"]
[Result "1-0"]
[ECO "D81"]
[WhiteElo "2331"]
[BlackElo "2223"]
[Annotator "TA"]
[PlyCount "25"]
[EventDate "2022.09.21"]
[EventType "team-tourn"]
[EventCountry "ROU"]
[SourceTitle "playchess.com"]
[Source "ChessBase"]
[SourceQuality "1"]
[TimeControl "40/5400+30:1800+30"]

1. d4 Nf6 2. c4 g6 3. Nc3 d5 4. Qb3 dxc4 5. Qxc4 Bg7 6. e4 a6 {[%emt 0:06:12] D81: Grünfeld: 4 Qb3.} 7. Bf4 {[%emt 0:12:41] [#]} Nh5 $146 (7... b5 $11 8. Qxc7 Qxc7 9. Bxc7 Bb7) ({Predecessor:} 7... b5 8. Qxc7 Qxc7 9. Bxc7 Bb7 10. f3 O-O 11. Rd1 Rc8 12. Bxb8 Raxb8 13. Bd3 Nd7 14. Nge2 {0-1 (31) Deepan Chakkravarthy,J (2468)-Cori,J (2549) Montcada 2013}) 8. Bxc7 $16 b5 {[%emt 0:06:52] White is better.} 9. Qc5 Qd7 (9... Qxd4 $2 10. Rd1 $1 Qxd1+ 11. Kxd1 $18) 10. Nd5 {[%emt 0:12:03] Nb6 is the strong threat. White has more active pieces.} Nc6 {[%emt 0:08:33] [#]} (10... Bb7 $16) 11. Be5 $1 $18 {[%emt 0:20:04] Hoping for Nc7+.} Bxe5 12. dxe5 O-O $2 {[%emt 0:13:09] [#]} (12... Rb8 {was worth a try.} 13. Rd1 Qb7) 13. Qxc6 $3 {[%emt 0:00:30][%mdl 512] Weighted Error Value: White=0.00 (flawless) /Black=0.60} 1-0

[Event "Romanian Superleague 2022"]
[Site "Oradea"]
[Date "2022.09.23"]
[Round "3.25"]
[White "Deac, Bogdan-Daniel"]
[Black "Pranav Vijay"]
[Result "1-0"]
[ECO "A20"]
[WhiteElo "2710"]
[BlackElo "2265"]
[Annotator "TA"]
[PlyCount "78"]
[EventDate "2022.09.21"]
[EventType "team-tourn"]
[EventCountry "ROU"]
[SourceTitle "playchess.com"]
[Source "ChessBase"]
[SourceQuality "1"]
[TimeControl "40/5400+30:1800+30"]

1. c4 e5 2. d3 Nf6 3. Nf3 Nc6 4. a3 a5 5. Nc3 g6 6. e3 {[%emt 0:00:00] A20: English Opening: 1...e5.} Bg7 7. Be2 O-O 8. O-O {[%emt 0:00:00] The position is equal.} d5 9. cxd5 Nxd5 10. Bd2 b6 11. Rc1 Nde7 12. Qc2 {[%emt 0:00:00] [#]} Ba6 $146 ({Predecessor:} 12... Bb7 13. Rfe1 Qd7 14. Rcd1 h6 15. Bc1 Rad8 16. b3 g5 17. Bb2 Ng6 18. Nd2 g4 {0-1 (51) Timofeev,A (2574)-Vokhidov,S (2536) Chess.com INT 2022}) 13. Rb1 Qd6 14. Rfd1 Rfd8 15. Be1 h6 16. Rbc1 Qe6 17. Qb1 a4 18. Nd2 Qd7 19. Nc4 Qe8 20. Qc2 Kh7 21. Qxa4 b5 22. Nxb5 Nd4 $1 23. exd4 {[%emt 0:00:00] [#] Nc3 is the strong threat.} Bxb5 24. Qc2 Nf5 25. Bc3 ({Not} 25. Nxe5 $2 Nxd4 26. Qd2 Qxe5 $19) 25... exd4 ({Black should play} 25... Nxd4 $14 26. Bxd4 Rxd4) 26. Bb4 $16 {[%emt 0:00:00] Black must now prevent Re1.} Ba4 27. b3 Bxb3 28. Qxb3 Qxe2 29. Re1 $36 {[%emt 0:00:00][%mdl 2048] Keeping Black busy.} Qg4 {[%emt 0:00:21] Hoping for ...Nh4.} 30. Ne5 Bxe5 31. Rxe5 Rd7 32. h3 Qf4 33. Rce1 {[%emt 0:00:00] And now R5e4 would win.} Rad8 $2 {[%emt 0:00:00][%mdl 8192] Black cannot hold the game after this.} (33... Ng7 $16) 34. Qc4 $2 (34. R5e4 Qg5 {[#]} 35. Be7 $1 Rxe7 36. Rxe7) 34... c5 $18 35. Qxc5 {[%emt 0:00:02] Threatens to win with Qc6.} Ng7 36. Qc6 {[%emt 0:05:57] White has a decisive advantage.} Ne6 37. g3 Qf6 38. Ba5 {[%emt 0:00:49] Against Rc7} Rd6 39. Rxe6 $1 ({Less strong is} 39. Bxd8 Qxe5 40. Rxe5 Rxc6 $16) 39... fxe6 {[%emt 0:01:04] Weighted Error Value: White=0.23 (precise) /Black=0.16 (very precise)} 1-0